 Dungeon Crawl Stone Soup version 0.31-a0-164-g2312942fda (webtiles) character file.

Game seed: 15603238917091183416

140 qw the Shooter (level 5, -7/49 HPs)
             Began as a Naga Hunter on June 13, 2023.
             Mangled by an iguana (14 damage)
             ... on level 4 of the Dungeon.
             The game lasted 00:00:54 (2809 turns).

qw the Shooter (Naga Hunter)                        Turns: 2809, Time: 00:00:54

Health: -7/49      AC:  3    Str: 14    XL:     5   Next: 23%
Magic:  5/5        EV:  9    Int:  9    God:
Gold:   153        SH:  0    Dex: 16    Spells: 4/4 levels left

rFire   . . .        Y - +0 shortbow (freeze)
rCold   . . .        (shield currently unavailable)
rNeg    . . .        c - +0 leather armour
rPois   +            (no helmet)
rElec   .            (no cloak)
rCorr   .            (no gloves)
SInv    +            (no barding)
Will    .....        (no amulet)
Stlth   ++           (no ring)
HPRegen 0.28/turn    (no ring)
MPRegen 0.09/turn

%: no passive effects
@: very slow
A: AC +1, large, see invisible, deformed body, poison resistance, slowness 2,
spit poison 1, naga tail 1
a: Spit Poison


You were on level 4 of the Dungeon.
You visited 1 branch of the dungeon, and saw 4 of its levels.

You collected 153 gold pieces.


Innate Abilities, Weirdness & Mutations

Your serpentine skin is tough. (AC +1)
You have supernaturally acute eyesight. (SInv)
Armour fits poorly on your strangely shaped body.
Your system is resistant to poisons. (rPois)
You cover ground very slowly.
You can spit poison.
You have a snake-like lower body.


   Skills:
 - Level 3.0 Fighting
 + Level 5.3 Ranged Weapons
 - Level 1.5 Dodging
 - Level 1.5 Stealth


You had 4 spell levels left.
You didn't know any spells.
Your spell library was empty.

Inventory:

Hand Weapons
 Y - a +0 shortbow of freezing (weapon)
Armour
 c - a +0 leather armour (worn)
Scrolls
 b - a scroll of revelation {unknown}
 d - a scroll of identify
 e - a scroll of teleportation
Potions
 a - a potion of mutation {unknown}
 g - a potion of curing {unknown}

Dungeon Overview and Level Annotations

Branches:
Dungeon (4/15)
 Temple: D:4-7

Altars:
Yredelemnul


Message History

You kill the hobgoblin!
You shoot an arrow.
The arrow hits the iguana but does no damage.
The iguana barely misses you. x2
You shoot an arrow. The arrow closely misses the iguana.
The arrow hits the ogre.
The arrow freezes the ogre.
The ogre is severely wounded.
The iguana bites you.
You shoot an arrow.
The arrow hits the iguana but does no damage.
The iguana bites you.
You shoot an arrow. The arrow barely misses the iguana.
The arrow hits the ogre but does no damage.
The ogre is severely wounded.
The iguana bites you.
You shoot an arrow. The arrow hits the iguana.
The arrow freezes the iguana.
The iguana is lightly wounded.
The iguana bites you!
You shoot an arrow. The arrow closely misses the iguana.
The arrow hits the ogre but does no damage.
The ogre is severely wounded.
You have got your breath back.
The iguana bites you!
2807 ||| INVOKING Spit Poison.
Aiming: Spit Poison (1% risk of failure)
Press: ? - help, Shift-Dir - straight line, f/p - iguana The splash of poison hits the iguana but does no damage.
The iguana is poisoned.
The iguana is lightly wounded.
The iguana bites you.
You shoot an arrow. The arrow barely misses the iguana.
The arrow hits the ogre.
The arrow freezes the ogre.
The ogre is severely wounded.
The iguana barely misses you.
You shoot an arrow.
The arrow hits the iguana but does no damage.
The iguana is moderately wounded.
You have got your breath back.
The iguana bites you. The iguana bites you!
You die...

#.# ####.# #..... .
#.#### ..# #.# ....
#.# ..... #.#
......####### #.#
#....Ol@....# #.#
..###.#####.#######.#
#...............#
#######.######### #.#
#.# #.# #.# #.#


You could see an ogre and an iguana (poisoned).

Vanquished Creatures
  6 adders
  3 worms (D:2)
  2 dart slugs
  6 orcs (D:3)
  7 endoplasms
  4 giant cockroaches (D:2)
  4 hobgoblins
  2 quokkas
  11 ball pythons
  6 bats
  2 frilled lizards
  4 goblins
  10 kobolds
  A rat (D:3)
68 creatures vanquished.

Notes
Turn   | Place    | Note
-------+----------+-------------------------------------------
     0 | D:1      | qw the Naga Hunter began the quest for the Orb.
     0 | D:1      | Reached XP level 1. HP: 19/19 MP: 1/1
     0 | D:1      | 0 ||| qw: Version: 0.2-a-29-gc1b59c4
     0 | D:1      | 0 ||| qw: Game counter: 4607
     0 | D:1      | 0 ||| qw: Always use a shield: true
     0 | D:1      | 0 ||| qw: God list: Okawaru
     0 | D:1      | 0 ||| qw: Allow faded altars: false
     0 | D:1      | 0 ||| qw: Do Orc after D:15 true
     0 | D:1      | 0 ||| qw: Do second Lair branch before Depths: true
     0 | D:1      | 0 ||| qw: Lair rune preference: random
     0 | D:1      | 0 ||| qw: Plans: Normal
     0 | D:1      | 0 ||| PLANNING D:1-11
    15 | D:1      | 15 ||| INVOKING Spit Poison.
    53 | D:1      | 53 ||| INVOKING Spit Poison.
    88 | D:1      | 88 ||| INVOKING Spit Poison.
    94 | D:1      | 94 ||| INVOKING Spit Poison.
   101 | D:1      | 101 ||| INVOKING Spit Poison.
   104 | D:1      | 104 ||| INVOKING Spit Poison.
   119 | D:1      | 119 ||| INVOKING Spit Poison.
   120 | D:1      | Reached skill level 4 in Ranged Weapons
   120 | D:1      | Reached XP level 2. HP: 26/26 MP: 2/2
   292 | D:1      | 292 ||| INVOKING Spit Poison.
   316 | D:1      | 316 ||| INVOKING Spit Poison.
   381 | D:1      | 381 ||| INVOKING Spit Poison.
   474 | D:1      | 474 ||| INVOKING Spit Poison.
   573 | D:1      | 573 ||| INVOKING Spit Poison.
   667 | D:1      | 667 ||| INVOKING Spit Poison.
   765 | D:1      | 765 ||| READING scroll labelled KOCSIO MOQU.
   866 | D:1      | 866 ||| READING scroll labelled ASETSO NUSHRO.
   870 | D:1      | 870 ||| READING scroll labelled SESHRAU BINGO.
   871 | D:1      | 871 ||| DROPPING scroll of butterflies.
   931 | D:2      | Found a faded altar of an unknown god.
   935 | D:2      | 935 ||| INVOKING Spit Poison.
   945 | D:2      | Found a basalt altar of Yredelemnul.
   988 | D:2      | 988 ||| INVOKING Spit Poison.
   989 | D:2      | Reached XP level 3. HP: 32/32 MP: 3/3
   993 | D:2      | 993 ||| INVOKING Spit Poison.
   996 | D:2      | 996 ||| INVOKING Spit Poison.
  1024 | D:2      | 1024 ||| INVOKING Spit Poison.
  1030 | D:2      | 1030 ||| INVOKING Spit Poison.
  1033 | D:2      | 1033 ||| INVOKING Spit Poison.
  1037 | D:2      | 1037 ||| INVOKING Spit Poison.
  1054 | D:2      | 1054 ||| INVOKING Spit Poison.
  1058 | D:2      | 1058 ||| INVOKING Spit Poison.
  1089 | D:2      | 1089 ||| Stepping ~*~*~tactically~*~*~ (outnumbered).
  1091 | D:2      | 1091 ||| Stepping ~*~*~tactically~*~*~ (outnumbered).
  1093 | D:2      | 1093 ||| INVOKING Spit Poison.
  1149 | D:2      | 1149 ||| INVOKING Spit Poison.
  1163 | D:2      | 1163 ||| INVOKING Spit Poison.
  1199 | D:2      | 1199 ||| INVOKING Spit Poison.
  1244 | D:2      | 1244 ||| INVOKING Spit Poison.
  1274 | D:2      | Reached skill level 5 in Ranged Weapons
  1274 | D:2      | Reached XP level 4. HP: 39/39 MP: 4/4
  1277 | D:2      | 1277 ||| INVOKING Spit Poison.
  1280 | D:2      | 1280 ||| INVOKING Spit Poison.
  1286 | D:2      | 1286 ||| INVOKING Spit Poison.
  1339 | D:2      | 1339 ||| INVOKING Spit Poison.
  1345 | D:2      | 1345 ||| FLEEEEING.
  1353 | D:2      | 1353 ||| INVOKING Spit Poison.
  1492 | D:2      | 1492 ||| INVOKING Spit Poison.
  1497 | D:2      | 1497 ||| INVOKING Spit Poison.
  1502 | D:2      | 1502 ||| INVOKING Spit Poison.
  1670 | D:2      | 1670 ||| INVOKING Spit Poison.
  1765 | D:2      | 1765 ||| INVOKING Spit Poison.
  1767 | D:2      | 1767 ||| READING scroll labelled ITHINAPPO.
  1768 | D:2      | 1768 ||| READING scroll labelled PAUPIRHAEGOZ.
  1769 | D:2      | 1769 ||| READING scroll labelled FOOGAE LUWAU.
  1873 | D:3      | 1873 ||| INVOKING Spit Poison.
  1876 | D:3      | Reached skill level 3 in Fighting
  1923 | D:3      | 1923 ||| INVOKING Spit Poison.
  1944 | D:3      | 1944 ||| INVOKING Spit Poison.
  1947 | D:3      | 1947 ||| INVOKING Spit Poison.
  1950 | D:3      | 1950 ||| INVOKING Spit Poison.
  1993 | D:3      | 1993 ||| INVOKING Spit Poison.
  1998 | D:3      | 1998 ||| INVOKING Spit Poison.
  2060 | D:3      | 2060 ||| INVOKING Spit Poison.
  2095 | D:3      | 2095 ||| INVOKING Spit Poison.
  2096 | D:3      | Reached XP level 5. HP: 49/49 MP: 5/5
  2148 | D:3      | 2148 ||| INVOKING Spit Poison.
  2158 | D:3      | 2158 ||| INVOKING Spit Poison.
  2323 | D:3      | 2323 ||| INVOKING Spit Poison.
  2333 | D:3      | 2333 ||| INVOKING Spit Poison.
  2615 | D:3      | 2615 ||| READING scroll labelled ELAEWE JEDWO.
  2616 | D:3      | 2616 ||| READING 2 scrolls labelled OMOIQA RIZOGO.
  2679 | D:4      | 2679 ||| INVOKING Spit Poison.
  2682 | D:4      | 2682 ||| INVOKING Spit Poison.
  2793 | D:4      | Noticed an ogre
  2794 | D:4      | 2794 ||| INVOKING Spit Poison.
  2800 | D:4      | 2800 ||| INVOKING Spit Poison.
  2807 | D:4      | 2807 ||| INVOKING Spit Poison.
  2809 | D:4      | HP: 7/49 [iguana (6)]
  2809 | D:4      | Mangled by an iguana

Levels and vault maps discovered:
D:1:      minmay_arrival_split_and_join, layout_loops_corners
D:2:      layout_loops_ring, basic_altar, basic_ecumenical_altar,
          nrook_mini_backslash, minmay_shallow_snake_nest
D:3:      layout_basic
D:4:      layout_basic, minivault_5, uniq_pikel

Skill      XL: |  1  2  3  4 |
---------------+-------------+-----
Ranged Weapons | 4 5 |  5.3
Fighting       | 3 |  3.0
Dodging        | |  1.5
Stealth        | |  1.5

Action                     |  1- 3 |  4- 6 || total
---------------------------+-------+-------++-------
   Fire: Shortbow          |    70 |    67 ||   137
Ability: Spit Poison       |    28 |    28 ||    56
    Use: Scroll            |     3 |     5 ||     8
 Armour: Leather armour    |     5 |     4 ||     9
  Dodge: Dodged            |     3 |    19 ||    22

Table legend:
 A = Non-vault XP
 B = Vault XP
 C = Vault XP percentage of total XP
 D = Non-vault monster count
 E = Vault monster count
 F = Vault count percentage of total count
                 A         B        C        D         E       F
            +---------+---------+-------+---------+---------+-------
      Total |     179 |      22 |  10.9 |      61 |       7 |  10.3
            +---------+---------+-------+---------+---------+-------
        D:1 |      31 |       0 |   0.0 |      19 |       0 |   0.0
        D:2 |      78 |      22 |  22.0 |      24 |       7 |  22.6
        D:3 |      54 |       0 |   0.0 |      15 |       0 |   0.0
        D:4 |      16 |       0 |   0.0 |       3 |       0 |   0.0
            +---------+---------+-------+---------+---------+-------
